 Dungeon Crawl Stone Soup version 0.13.0-18-g7b03ea5 (webtiles) character file.

957 Antur the Chopper (level 7, 0/58 HPs)
             Began as a Minotaur Chaos Knight on Oct 22, 2013.
             Was a Plaything of Xom.
             Slain by an orc warrior
             ... wielding a +0,+0 orcish glaive
              (20 damage)
             ... on Level 6 of the Dungeon.
             The game lasted 00:12:47 (3435 turns).

Antur the Chopper (Minotaur Chaos Knight)           Turns: 3435, Time: 00:12:48

HP   0/58        AC 10     Str 18      XL: 7   Next: 58%
MP   3/3         EV 12     Int  8 (9)  God: Xom
Gold 159         SH  0     Dex 10      Spells:  0 memorised,  6 levels left

Res.Fire  : . . .   See Invis. : .   a - +0,+1 hand axe (chaos) {=f}
Res.Cold  : . . .   Warding    : .   b - +3 leather armour
Life Prot.: . . .   Conserve   : .   (no shield)
Res.Poison: .       Res.Corr.  : .   (helmet restricted)
Res.Elec. : .       Clarity    : .   (no cloak)
Sust.Abil.: . .     Spirit.Shd : .   (no gloves)
Res.Mut.  : .       Stasis     : .   (no boots)
Res.Rott. : .       Flight     : .   (no amulet)
Saprovore : . . .                    n - ring of protection from magic
                                     j - +4 ring of protection

@: quite resistant to hostile enchantments, unstealthy
A: retaliatory headbutt, horns 2
a: Renounce Religion


You were on level 6 of the Dungeon.
You worshipped Xom.
You were a special plaything of Xom.
You were not hungry.

You visited 1 branch of the dungeon, and saw 6 of its levels.
You also visited: Sewer.

You collected 139 gold pieces.

Inventory:

Hand weapons
 a - a +0,+1 hand axe of chaos (weapon) {=f}
Armour
 b - a +3 leather armour (worn)
Magical devices
 q - a wand of frost (19)
 r - a wand of polymorph (11)
Comestibles
 c - 4 bread rations
 d - a meat ration
 h - an apple
 i - 2 chokos
 o - a royal jelly
Scrolls
 e - a scroll of remove curse
 g - 4 scrolls of recharging
 k - 2 scrolls of magic mapping
 l - 4 scrolls of teleportation
Jewellery
 j - a +4 ring of protection (left hand)
 m - an uncursed amulet of faith {unknown}
 n - a ring of protection from magic (right hand)
Potions
 f - a potion of restore abilities {unknown}


   Skills:
 + Level 4.7 Fighting
 * Level 7.5 Axes
 + Level 3.9 Armour
 + Level 4.7 Dodging
 + Level 2.5 Stealth
 + Level 0.6 Evocations


You had 6 spell levels left.
You didn't know any spells.

Dungeon Overview and Level Annotations

Branches:
Dungeon (6/27)                Orc (0/4) D:6
 Temple: D:4-7

Altars:
Ashenzari

Annotations:
D:5 Eustachio


Innate Abilities, Weirdness & Mutations

You reflexively headbutt those who attack you in melee.
You have a pair of horns on your head.


Message History

The orc wizard mumbles some strange words.
The orc wizard blinks!
An orc comes into view. It is wielding an orcish flail.
You hit it but do no damage. It hits you! The orc hits you but does no damage.
An orc comes into view. It is wielding an orcish short sword.
You barely miss it.
The orc shouts!
It hits you.
* * * LOW HITPOINT WARNING * * *
The orc misses you. You furiously retaliate!
You headbutt the orc, but do no damage.
An orc comes into view. It is wielding an orcish club.
You hit it.
You feel better. The orc closely misses you.
An orc comes into view. It is wielding an orcish flail.
Unknown command.
You closely miss it.
The orc shouts!
It hits you!
You die...
Xom thinks this is hilarious! o oo#

#'###+ #o.o#
#.oo# ##.oo##
####'###@#
#...## ##.oo#
#.8.# o8oo..#
#...# oo.####
##)##########
## #))....#
... ######.#
## #.# ## #.#
#.


You could see an orc warrior, an orc wizard and 14 orcs.

Vanquished Creatures
  2 ogres (D:4)
  A slave (D:5)
  The ghost of dadoka the Charmwright, an average DsSk of Ashenzari (D:3)
  A warg (D:5)
  A centaur (D:5)
  2 orc priests (D:6)
  2 iguanas (D:4)
  3 worker ants
  Ijyb (D:2)
  A hound skeleton (D:5)
  A hound zombie (D:5)
  A gnoll (D:2)
  4 adders
  A green rat (D:3)
  A giant mite (D:3)
  A worm (D:5)
  An ooze (D:3)
  9 orcs
  2 ball pythons
  10 goblins
  2 grey rats (D:3)
  8 hobgoblins
  5 jackals
  2 quokkas
  12 bats
  6 giant cockroaches
  7 giant geckos
  2 giant newts (D:3)
  A jackal skeleton (D:6)
  12 kobolds
  12 rats
115 creatures vanquished.

Notes
Turn   | Place    | Note
--------------------------------------------------------------
     0 | D:1      | Antur, the Minotaur Chaos Knight, began the quest for the Orb.
     0 | D:1      | Reached XP level 1. HP: 17/17 MP: 1/1
    58 | D:1      | XOM: divination: detect creatures
    90 | D:1      | Reached skill level 4 in Axes
   167 | D:1      | Reached XP level 2. HP: 24/24 MP: 1/1
   296 | D:1      | XOM: cast spell 'Cause Fear'
   676 | D:2      | Reached XP level 3. HP: 25/30 MP: 2/2
   862 | D:2      | Noticed Ijyb
   882 | D:2      | Killed Ijyb
   882 | D:2      | Reached XP level 4. HP: 36/38 MP: 2/2
   964 | D:2      | XOM: divination: magic mapping
  1049 | D:3      | XOM: mild Chrm miscast
  1082 | D:3      | XOM: divination: detect creatures
  1088 | D:3      | Reached skill level 1 in Stealth
  1163 | D:3      | XOM: silly message
  1176 | D:3      | Reached skill level 5 in Axes
  1196 | D:3      | Found a glowing drain.
  1218 | Sewer    | Entered a sewer
  1271 | Sewer    | Noticed a giant slug
  1280 | Sewer    | XOM: enchant monster (good)
  1381 | D:3      | XOM: cast spell 'Statue Form'
  1437 | D:3      | Noticed dadoka's ghost (average DsSk)
  1443 | D:3      | XOM: confuse monster(s)
  1446 | D:3      | Killed dadoka's ghost
  1446 | D:3      | Reached XP level 5. HP: 32/44 MP: 2/2
  1462 | D:3      | XOM: colour smoke trail
  1690 | D:4      | Found a shattered altar of Ashenzari.
  1717 | D:4      | Noticed an ogre
  1724 | D:4      | Killed an ogre
  1724 | D:4      | Reached skill level 6 in Axes
  1724 | D:4      | Reached XP level 6. HP: 19/51 MP: 3/3
  2003 | D:4      | Noticed an ogre
  2008 | D:4      | Killed an ogre
  2610 | D:5      | Entered Level 5 of the Dungeon
  2672 | D:5      | XOM: harmless Tloc miscast
  2710 | D:5      | Reached XP level 7. HP: 11/58 MP: 3/3
  2896 | D:5      | Reached skill level 7 in Axes
  3003 | D:5      | Noticed Eustachio
  3009 | D:5      | XOM: swap monsters
  3017 | D:5      | XOM: enchant monster (good)
  3358 | D:6      | Found a staircase to the Orcish Mines.
  3435 | D:6      | Slain by an orc warrior

Action                   |  1- 3 |  4- 6 |  7- 9 || total
-------------------------+-------+-------+-------++-------
Melee: Hand axe          |    84 |   143 |    61 ||   288
Evoke: Wand              |       |     1 |     1 ||     2
  Use: Scroll            |     6 |    17 |     1 ||    24
       Potion            |     1 |     6 |     3 ||    10
 Stab: Paralysed         |     7 |       |     1 ||     8
